Description

Corrected some items for practice.

Originally written down from this post http://lowko.tv/starcraft-2/solars-zerg-vs-terran-build-order-legacy-void/ by jonhwoods

Original here: http://lotv.spawningtool.com/build/9932/

Build Order

Get SALT Encoding   

  13  0:12  Overlord  
  17  0:53  Hatchery  
  18  1:10  Extractor  
  18  1:19  Spawning Pool  
  19  1:40  Overlord  
  21  2:06  Queen x2, Zergling x4  Inject and then send to Natural, Keep on droning.
  25  2:12  Metabolic Boost  
  31  2:41  Queen  
  31  2:44  Overlord  Keep constructing overlords with every round of units.
  44  3:39  Roach Warren  Both bases are fully Saturated, Second Queen finish
  43  3:43  Hatchery  
  44  3:50  Extractor x2  (Maybe 3x Blind spores)
  48  4:07  Zergling x4  
  50  4:21  Roach x4  Maybe more if oppponent is Attacking.
  62  4:30  Lair  
  64  4:44  Queen  
  72  5:09  Evolution Chamber x2, Extractor  
  77  5:26  Zergling x20  10-20 Lings, depending on opponent.
  87  5:37  Zerg Ground Armor Level 1  
  87  5:44  Zerg Missile Weapons Level 1  
  87  5:49  Extractor x2  Make extractors when 3rd is fully saturated
  97  6:12  Glial Reconstitution  (Roach speed)
  97  6:13  Roach  Mass roaches/ravagers
Spawning Tool Build Advisor. Get it on Overwolf

Go to:

Details

  • Created by: xdr@xdr.nu
  • Published on: Jul 29, 2016
  • Modified on: Jul 29, 2016
  • Patch: Pre-3.8.0
Show
View Real Time Build Order
Export as new Build Order

Comments (0)

There are no comments. Be the first!

Create an account to comment!